 Dungeon Crawl Stone Soup version 0.29.0-4-gdea44cf6ec (webtiles) character file.

Game seed: 10638941640173910515

12 qw the Sneak (level 2, 0/19 HPs)
             Began as a Gargoyle Delver on Sept 10, 2022.
             Slain by a scorpion (7 damage)
             ... on level 4 of the Dungeon.
             The game lasted 00:00:10 (346 turns).

qw the Sneak (Gargoyle Delver)                       Turns: 346, Time: 00:00:10

Health: 0/19       AC:  5    Str: 15    XL:     2   Next: 33%
Magic:  2/2        EV: 11    Int: 10    God:
Gold:   8          SH:  0    Dex: 11    Spells: 1/1 levels left

rFire   . . .      SeeInvis .   a - +0 hand axe
rCold   . . .      Faith    .   (no shield)
rNeg    + . .      Spirit   .   b - +0 leather armour
rPois   inf        Reflect  .   (no helmet)
rElec   +          Harm     .   (no cloak)
rCorr   .          Rampage  .   (no gloves)
Will    .....                   (no boots)
Stlth   +++.......              (no amulet)
HPRegen 0.06/turn               (no ring)
MPRegen 0.08/turn               (no ring)

@: no status effects
A: sickness immunity, AC +2, negative energy resistance 1, electricity
resistance, torment resistance 1, petrification resistance
a: no special abilities


You were on level 4 of the Dungeon.
You visited 1 branch of the dungeon, and saw 2 of its levels.

You collected 8 gold pieces.


Innate Abilities, Weirdness & Mutations

You are immune to sickness and miasma.
Your stone body is resilient. (AC +2)
You are immune to poison.
You resist negative energy. (rN+)
You are resistant to electric shocks. (rElec)
You are resistant to unholy torment.
You are immune to petrification.


   Skills:
 - Level 3.2 Fighting
 + Level 2.6 Axes
 - Level 1.5 Dodging
 - Level 5.4 Stealth


You had one spell level left.
You didn't know any spells.
Your spell library was empty.

Inventory:

Hand Weapons
 a - a +0 hand axe (weapon)
Armour
 b - a +0 leather armour (worn)
Wands
 g - a wand of digging (3)
Scrolls
 c - a scroll of identify {unknown}
Potions
 d - a potion of attraction {unknown}
 f - a potion of haste

Dungeon Overview and Level Annotations

Branches:
Dungeon (5/15)
 Temple: D:4-7

Altars:


Message History

You hit the orc.
The orc is severely wounded.
The orc hits you with a +0 club.
The orc shouts!
You hit the orc.
You kill the orc!
You have reached level 2!
A scorpion comes into view.
You closely miss the orc. You barely miss the orc.
You hit the orc but do no damage. The orc barely misses you.
The orc hits you with a +0 flail.
You barely miss the orc. You hit the orc. The orc hits you with a +0 whip.
The orc hits you with a +0 flail. The orc barely misses you.
You barely miss the orc.
The orc is lightly wounded.
You closely miss the orc. The orc closely misses you.
The orc barely misses you.
You barely miss the orc.
The orc is lightly wounded.
You hit the orc. The orc hits you but does no damage.
The orc hits you with a +0 whip.
You barely miss the orc.
The orc is severely wounded.
You hit the orc. The orc completely misses you.
The orc hits you but does no damage. The orc barely misses you.
You barely miss the orc.
The orc is severely wounded.
You hit the orc.
You kill the orc!
The orc hits you with a +0 flail.
You barely miss the orc.
The orc is severely wounded.
The orc hits you but does no damage.
You slash the orc!
You kill the orc!
You closely miss the scorpion. The scorpion misses you.
The scorpion stings you!
You die...

. .w.## #############
.....#######.....#.)...##
#....s@#.............##
#.####)...............# #.##
##...............#
..######..####...............#
..#..........................#
..........###................#
..........# #...............##
#.......# #.##.....#.....##
###.....##################


You could see a scorpion.

Vanquished Creatures
  3 orcs (D:4)
  2 endoplasms (D:4)
  2 giant cockroaches (D:4)
  A ball python (D:4)
8 creatures vanquished.

Notes
Turn   | Place    | Note
-------+----------+-------------------------------------------
     0 | D:5      | qw the Gargoyle Delver began the quest for the Orb.
     0 | D:5      | Reached XP level 1. HP: 14/14 MP: 1/1
     0 | D:5      | 0 ||| qw: Version: 0.1-a-116-g5d60599
     0 | D:5      | 0 ||| qw: Game counter: 9494
     0 | D:5      | 0 ||| qw: Always use a shield: true
     0 | D:5      | 0 ||| qw: God list: Okawaru
     0 | D:5      | 0 ||| qw: Allow faded altars: false
     0 | D:5      | 0 ||| qw: Do Orc after D:15 true
     0 | D:5      | 0 ||| qw: Do second Lair branch before Depths: true
     0 | D:5      | 0 ||| qw: Lair rune preference: random
     0 | D:5      | 0 ||| qw: Plans: Normal
     0 | D:5      | 0 ||| PLANNING D:1-11
    15 | D:5      | 15 ||| DROPPING scroll of fog.
    16 | D:5      | 16 ||| DROPPING scroll of magic mapping.
    17 | D:5      | 17 ||| DROPPING scroll of fear.
   294 | D:4      | 294 ||| Stepping ~*~*~tactically~*~*~ (hiding).
   324 | D:4      | 324 ||| Stepping ~*~*~tactically~*~*~ (stealth).
   328 | D:4      | 328 ||| Stepping ~*~*~tactically~*~*~ (stealth).
   335 | D:4      | Reached XP level 2. HP: 16/19 MP: 2/2
   336 | D:4      | Noticed a scorpion
   346 | D:4      | Slain by a scorpion

Levels and vault maps discovered:
D:4:      kennysheep_slugbush, layout_rooms
D:5:      layout_loops_corners

Skill      XL: |  1 |
---------------+----+-----
Axes           | 2 |  2.6
Fighting       | |  3.2
Dodging        | |  1.5
Stealth        | |  5.4

Action                   || total
-------------------------++-------
Melee: Hand axe          ||    30
Armor: Leather armour    ||    12
Dodge: Dodged            ||    17

Table legend:
 A = Non-vault XP
 B = Vault XP
 C = Vault XP percentage of total XP
 D = Non-vault monster count
 E = Vault monster count
 F = Vault count percentage of total count
                 A         B        C        D         E       F
            +---------+---------+-------+---------+---------+-------
      Total |      18 |       0 |   0.0 |       8 |       0 |   0.0
            +---------+---------+-------+---------+---------+-------
        D:4 |      18 |       0 |   0.0 |       8 |       0 |   0.0
            +---------+---------+-------+---------+---------+-------
